 Dungeon Crawl Stone Soup version 0.30.0-18-gc0e69614cb (webtiles) character file.

Game seed: 12212465698969115688

18089 Peloso the Carver (level 12, -7/110 HPs)
             Began as a Minotaur Fighter on May 25, 2023.
             Was a High Priest of Okawaru.
             Shot with an arrow by a centaur warrior (19 damage)
             ... on level 14 of the Dungeon.
             The game lasted 00:24:38 (11376 turns).

Peloso the Carver (Minotaur Fighter)               Turns: 11376, Time: 00:24:38

Health: -7/110     AC: 23    Str: 24    XL:     12   Next: 24%
Magic:  11/12      EV:  8    Int:  5    God:    Okawaru [*****.]
Gold:   441        SH: 11    Dex: 12    Spells: 11/11 levels left

rFire   . . .        a - +3 scimitar
rCold   . . .        d - +0 buckler
rNeg    . . .        x - +1 plate armour
rPois   +            (helmet restricted)
rElec   .            y - +2 cloak {rPois}
rCorr   .            J - +0 pair of gloves
SInv    +            c - +0 pair of boots
Will    .....        H - amulet of reflection Stlth
                     o - ring of see invisible
HPRegen 0.38/turn    (no ring)
MPRegen 0.13/turn

%: reflection
@: mighty, hasted, studying Fire Magic, very quick
A: horns 2, retaliatory headbutt
a: Renounce Religion, Heroism, Finesse, Duel


You were on level 14 of the Dungeon.
You worshipped Okawaru.
Okawaru was extremely pleased with you.
You visited 2 branches of the dungeon, and saw 13 of its levels.

You collected 732 gold pieces.
You spent 291 gold pieces at shops.

Inventory:

Hand Weapons
 a - a +3 scimitar (weapon)
 b - a +2 battleaxe of flaming
Armour
 c - a +0 pair of boots (worn)
 d - a +0 buckler (worn)
 v - the +2 scale mail "Umamm" {rF+ Int+4 SInv Stlth+}
   (You found it on level 9 of the Dungeon)

   Int:       It affects your intelligence (+4).
   rF:        It protects you from fire.
   SInv:      It lets you see invisible.
   Stlth:     It makes you more stealthy.
 x - a +1 plate armour (worn)
 y - a +2 cloak of poison resistance (worn)
 I - the +0 chain mail of the Valley of Death {Fly}
   (You bought it in a shop on level 8 of the Dungeon)

   Fly:       It grants you flight.
 J - a +0 pair of gloves (worn)
Jewellery
 o - a ring of see invisible (left hand)
 H - an amulet of reflection (around neck)
 O - a ring of willpower
Wands
 k - a wand of paralysis (23)
 r - a wand of acid (17)
 t - a wand of iceblast (23)
 z - a wand of flame (11)
 F - a wand of mindburst (22)
 L - a wand of polymorph (7)
Scrolls
 f - a scroll of noise
 h - 2 scrolls of enchant armour
 m - 3 scrolls of magic mapping
 p - a scroll of enchant weapon
 s - 2 scrolls of poison
 w - a scroll of immolation
 C - a scroll of amnesia
 D - 3 scrolls of blinking
Potions
 g - a potion of invisibility
 i - a potion of might
 l - 2 potions of curing
 q - 5 potions of flight
 u - 2 potions of resistance
 A - 2 potions of ambrosia
 B - 2 potions of magic
 E - 2 potions of haste
 G - 2 potions of mutation
 K - a potion of brilliance
 N - a potion of cancellation


   Skills:
 + Level 11.2 Fighting
 + Level 14.5 Long Blades
 + Level 12.2 Armour
 + Level 3.5 Dodging
 + Level 1.7 Stealth
 + Level 11.0 Shields
 + Level 1.3 Invocations
 + Level 0.3 Evocations


You had 11 spell levels left.
You didn't know any spells.
Your spell library contained the following spells:

 Spells                   Type           Power      Damage    Failure   Level
 Beastly Appendage        Tmut           0%         N/A       99%         1
 Magic Dart               Conj           0%         1d3       99%         1
 Sandblast                Erth           0%         2d4       99%         1
 Sting                    Tmut/Pois      0%         1d3       99%         1
 Ensorcelled Hibernation  Hex/Ice        0%         N/A       100%        2
 Passwall                 Tmut/Erth      0%         N/A       100%        2
 Poisonous Vapours        Pois/Air       0%         N/A       100%        2
 Searing Ray              Conj           0%         2d4       100%        2
 Wereblood                Tmut           0%         N/A       100%        2
 Mephitic Cloud           Conj/Pois/Air  0%         N/A       100%        3
 Spider Form              Tmut/Pois      0%         N/A       100%        3
 Stone Arrow              Conj/Erth      0%         3d7       100%        3
 Anguish                  Hex/Necr       0%         N/A       100%        4
 Fulminant Prism          Conj/Hex       0%         3d5       100%        4
 Olgreb's Toxic Radiance  Pois           0%         N/A       100%        4
 Freezing Cloud           Conj/Ice/Air   0%         6-21      100%        5
 Borgnjor's Revivificati  Necr           0%         N/A       100%        8
 Discord                  Hex            0%         N/A       100%        8
 Ignition                 Fire           0%         3d3       100%        8
 Necromutation            Tmut/Necr      0%         N/A       100%        8
 Death's Door             Necr           0%         N/A       100%        9


Dungeon Overview and Level Annotations

Branches:
Dungeon (11/15)            Temple (1/1) D:7            Lair (0/5) D:8
    Orc (0/2) D:9

Altars:
Ashenzari
Cheibriados
Dithmenos
Elyvilon
Fedhas
Gozag
Hepliaklqana
Kikubaaqudgha
Makhleb
Nemelex Xobeh
Okawaru
Qazlal
Ru
Sif Muna
Trog
Uskayaw
Vehumet
Wu Jian
Xom
Yredelemnul
Zin
The Shining One

Shops:
D:1 =   D:4 (   D:7 *   D:8 [(   D:10 *


Innate Abilities, Weirdness & Mutations

You have a pair of horns on your head.
You reflexively headbutt those who attack you in melee.


Message History

The centaur warrior shoots an arrow.
You block the arrow with an invisible shield... and reflect it back!
The arrow hits the centaur warrior!
You hear a horrible gurgling sound!
You slash the manticore! You headbutt the manticore.
You kill the manticore!
Okawaru accepts your kill.
You feel like a meek peon again.
You hear a shout!
Unknown command.
You slash the meliai!
The meliai is severely wounded.
The centaur warrior shoots an arrow.
You block the arrow with an invisible shield... and reflect it back!
The arrow hits the centaur warrior!
The white ugly thing is engulfed in poison gas.
The white ugly thing looks even sicker.
The meliai hits you but does no damage.
The meliai stings you but does no damage.
You slash the meliai!
You kill the meliai!
Okawaru accepts your kill.
The purple ugly thing basks in the mutagenic energy from its kin and changes!
The centaur warrior shoots an arrow.
You block the arrow with an invisible shield... and reflect it back!
The arrow closely misses the centaur warrior.
Your Shields skill increases to level 11!
The air fills with toxic fumes!
As you read the scroll of poison, it crumbles to dust.
The centaur warrior shoots an arrow.
The arrow hits you!!
* * * LOW HITPOINT WARNING * * *
Really read the scroll of immolation?
As you read the scroll of immolation, it crumbles to dust.
The creatures around you are filled with an inner flame!
The centaur warrior shoots an arrow.
The arrow hits you!
* * * LOW HITPOINT WARNING * * *
The red ugly thing is engulfed in poison gas.
The red ugly thing is poisoned.
Flame seeps out of the red ugly thing.
The red ugly thing headbutts you but does no damage.
You feel better.
The centaur warrior shoots an arrow.
The arrow hits you!!
You die... h. h#u.###### uuzDQCu@☼#

##C#####§#
....#c#
#§#.#W#
#§#.#u#
#eu>.u#
#J#####
#.# ..+
#####.#


You could see a five-headed hydra (inner flame), 6 ugly things, a skeletal
warrior (inner flame), a tengu warrior (inner flame), a centaur warrior (inner
flame), 2 cyclopes, a freezing wraith (inner flame) and a howler monkey (inner
flame).

Vanquished Creatures
  An ironbound preserver (D:14)
  A catoblepas (D:14)
  A centaur warrior (D:14)
  3 two-headed ogres (D:10)
  A boulder beetle (D:11)
  Nergalle (D:10)
  Pikel (D:4)
  A wizard (D:14)
  A deep elf pyromancer (D:14)
  An ugly thing (D:14)
  2 cyclopes
  A manticore (D:14)
  Maurice (D:9)
  Psyche (D:8)
  A meliai (D:14)
  2 trolls (D:10)
  Grinder (D:5)
  A hornet (D:9)
  Prince Ribbit (D:6)
  Sigmund (D:4)
  A shadow (D:10)
  2 wraiths
  A vampire (D:11)
  3 yaks (D:11)
  A wyvern (D:9)
  Grum (D:9)
  2 wargs (D:8)
  Duvessa (D:6)
  3 acid dragons
  A water moccasin (D:5)
  10 orc warriors
  3 sky beasts
  3 ice beasts
  4 black bears
  2 ogres
  3 wolves (D:9)
  3 centaurs
  5 kobold brigands
  A lemure (D:4)
  2 phantoms
  6 scorpions
  6 bullfrogs
  12 wights
  Dowan (D:6)
  20 killer bees
  6 howler monkeys
  8 hounds
  A jelly (D:5)
  Crazy Yiuf (D:5)
  6 orc priests
  A gnoll bouda (D:6)
  A sleepcap (D:5)
  4 iguanas
  8 orc wizards
  3 gnolls (D:6)
  6 adders
  2 shadow imps (D:5)
  2 white imps (D:7)
  4 ufetubi
  2 worms
  41 orcs
  2 bats
  4 endoplasms
  3 giant cockroaches
  7 goblins
  5 hobgoblins
  7 jackals
  22 kobolds
  A quokka (D:2)
  6 ball pythons
  2 frilled lizards
  4 rats
280 creatures vanquished.

Vanquished Creatures (others)
  A kobold (D:9)
1 creature vanquished.

Grand Total: 281 creatures vanquished

Notes
Turn   | Place    | Note
-------+----------+-------------------------------------------
     0 | D:1      | Peloso the Minotaur Fighter began the quest for the Orb.
     0 | D:1      | Reached XP level 1. HP: 19/19 MP: 0/0
    22 | D:1      | Found Emyusif's Jewellery Boutique.
    92 | D:1      | Reached XP level 2. HP: 27/27 MP: 1/1
   152 | D:1      | Found a faded altar of an unknown god.
   719 | D:2      | Reached skill level 3 in Long Blades
   719 | D:2      | Reached XP level 3. HP: 31/33 MP: 2/2
  1853 | D:3      | Reached skill level 4 in Long Blades
  1853 | D:3      | Reached XP level 4. HP: 40/40 MP: 3/3
  1928 | D:3      | Identified the +0 ring mail "Nuimitzewe" {Harm rPois Str+3}
  2320 | D:4      | Noticed a lemure
  2337 | D:4      | Killed a lemure
  2424 | D:4      | Noticed Sigmund
  2436 | D:5      | Entered Level 5 of the Dungeon
  2543 | D:5      | Reached XP level 5. HP: 46/47 MP: 4/4
  2578 | D:5      | Found a runed translucent door.
  2579 | D:5      | Noticed Crazy Yiuf
  2637 | D:5      | Reached skill level 5 in Armour
  2637 | D:5      | Reached skill level 1 in Dodging
  2640 | D:5      | Reached skill level 5 in Long Blades
  2752 | D:5      | Noticed a water moccasin
  2766 | D:5      | Killed a water moccasin
  2767 | D:5      | Reached XP level 6. HP: 16/53 MP: 5/5
  3025 | D:5      | Noticed Grinder
  3031 | D:5      | Paralysed by Grinder for 3 turns
  3039 | D:5      | Killed Grinder
  3040 | D:5      | Reached skill level 6 in Long Blades
  3040 | D:5      | Reached skill level 1 in Stealth
  3040 | D:5      | Reached XP level 7. HP: 60/60 MP: 6/6
  3284 | D:5      | Reached skill level 5 in Fighting
  3284 | D:5      | Reached skill level 5 in Shields
  3395 | D:5      | Reached skill level 7 in Long Blades
  3713 | D:5      | Reached XP level 8. HP: 46/68 MP: 7/7
  3979 | D:5      | Reached skill level 8 in Long Blades
  4148 | D:5      | Killed Crazy Yiuf
  4213 | D:4      | Killed Sigmund
  4274 | D:4      | Found Zigia's Weapon Boutique.
  4387 | D:4      | Noticed Pikel
  4409 | D:4      | Killed Pikel
  4410 | D:4      | Reached skill level 9 in Long Blades
  5017 | D:6      | Noticed Prince Ribbit
  5025 | D:6      | Killed Prince Ribbit
  5147 | D:6      | Reached XP level 9. HP: 78/78 MP: 8/8
  5373 | D:6      | Noticed Dowan
  5373 | D:6      | Noticed Duvessa
  5414 | D:6      | Killed Duvessa
  5424 | D:6      | Reached skill level 10 in Long Blades
  5434 | D:6      | Killed Dowan
  5603 | D:6      | Paralysed by an orc warrior for 3 turns
  5731 | D:6      | Noticed a cyclops
  5960 | D:6      | Killed a cyclops
  6753 | D:7      | Reached XP level 10. HP: 67/87 MP: 9/9
  6777 | D:7      | Reached skill level 11 in Long Blades
  7094 | D:7      | Reached skill level 10 in Armour
  7115 | D:7      | Found a sparkling altar of Nemelex Xobeh.
  7131 | D:7      | Found a burning altar of Makhleb.
  7152 | D:7      | Found Cuhobul's Assorted Antiques.
  7191 | D:7      | Bought a scroll labelled HOB KOCSEPYLA for 35 gold pieces
  7241 | D:7      | Found a staircase to the Ecumenical Temple.
  7303 | Temple   | Entered the Ecumenical Temple
  7399 | Temple   | Became a worshipper of Warmaster Okawaru
  7648 | D:8      | Found Boudasod's Weapon Shop.
  7714 | D:8      | Identified the +0 robe of the Shining Light {+Blink Int+4
                  | Stlth+}
  7915 | D:8      | Found a staircase to the Lair.
  7995 | D:8      | Reached skill level 12 in Long Blades
  8001 | D:8      | Reached * piety under Okawaru
  8175 | D:8      | Found a snail-covered altar of Cheibriados.
  8175 | D:8      | Found a white marble altar of Elyvilon.
  8396 | D:8      | Found Peany's Antique Armour Shop.
  8405 | D:8      | Bought a twisted chain mail for 256 gold pieces
  8405 | D:8      | Identified the +0 chain mail of the Valley of Death {Fly}
                  | (You bought it in a shop on level 8 of the Dungeon)
  8474 | D:9      | Noticed Psyche
  8687 | D:9      | Noticed Maurice
  9005 | D:8      | Killed Psyche
  9037 | D:9      | Killed Maurice
  9056 | D:9      | Identified the +2 scale mail "Umamm" {rF+ Int+4 SInv
                  | Stlth+}
  9170 | D:9      | Reached ** piety under Okawaru
  9299 | D:9      | Reached XP level 11. HP: 90/97 MP: 10/10
  9375 | D:9      | Noticed Grum
  9390 | D:9      | Killed Grum
  9935 | D:9      | Found a staircase to the Orcish Mines.
 10000 | D:10     | Entered Level 10 of the Dungeon
 10050 | D:10     | Noticed a two-headed ogre
 10065 | D:10     | Killed a two-headed ogre
 10065 | D:10     | Reached *** piety under Okawaru
 10076 | D:10     | Noticed a two-headed ogre
 10090 | D:10     | Killed a two-headed ogre
 10091 | D:10     | Reached skill level 10 in Fighting
 10091 | D:10     | Reached skill level 13 in Long Blades
 10179 | D:10     | Found Xovail's Assorted Antiques.
 10363 | D:10     | Noticed Nergalle
 10390 | D:10     | Killed Nergalle
 10408 | D:10     | Noticed a two-headed ogre
 10427 | D:10     | Killed a two-headed ogre
 10427 | D:10     | Reached **** piety under Okawaru
 10445 | D:10     | Reached skill level 1 in Invocations
 10539 | D:10     | Reached skill level 10 in Shields
 10745 | D:10     | Found a blossoming altar of Fedhas.
 11262 | D:11     | Noticed a boulder beetle
 11272 | D:11     | Killed a boulder beetle
 11273 | D:11     | Reached skill level 14 in Long Blades
 11287 | D:11     | You fall into a shaft and drop 3 floors!
 11288 | D:14     | Noticed a centaur warrior
 11288 | D:14     | Noticed a centaur warrior
 11288 | D:14     | Noticed an eight-headed hydra
 11294 | D:14     | Noticed a deep elf pyromancer
 11301 | D:14     | Noticed a deep elf pyromancer
 11302 | D:14     | Noticed an ironbound preserver
 11311 | D:14     | Noticed a catoblepas
 11311 | D:14     | Noticed a green ugly thing
 11318 | D:14     | Noticed a wizard
 11319 | D:14     | Noticed a skeletal warrior
 11329 | D:14     | Killed a catoblepas
 11329 | D:14     | Reached ***** piety under Okawaru
 11336 | D:14     | Killed a centaur warrior
 11337 | D:14     | Reached XP level 12. HP: 20/108 MP: 11/11
 11344 | D:14     | Killed an ironbound preserver
 11359 | D:14     | Noticed a five-headed hydra
 11362 | D:14     | Noticed a tengu warrior
 11366 | D:14     | Identified the +0 pair of gloves of Analysis {rElec rF+
                  | Regen+} (Okawaru gifted it to you on level 14 of the
                  | Dungeon)
 11366 | D:14     | Received a gift from Okawaru
 11375 | D:14     | HP: 3/110 [centaur warrior/arrow (10)]
 11376 | D:14     | Shot with an arrow by a centaur warrior

Illustrated notes

Levels and vault maps discovered:
D:1:      scummos_arrival_forest, layout_rooms, serial_shops, shop,
          hellmonk_ecumenical_altar_arch_garden, grunt_decor_junction
D:2:      layout_rooms
D:3:      layout_loops_corners, kennysheep_big_empty_room
D:4:      layout_loops_ring, serial_shops, nicolae_shop_bloodbath_and_beyond,
          grunt_ministairs_1, serial_bayou_pond_d, uniq_sigmund, uniq_pikel
D:5:      minmay_recursive_quarters, layout_basic, uniq_crazy_yiuf_cottage,
          uniq_grinder
D:6:      cheibrodos_fzero, layout_basic, uniq_prince_ribbit1, uniq_duvessa
D:7:      layout_rooms, mainiacjoe_overflow_big_doors, minmay_temple_entry_tees,
          serial_shops, nicolae_diamond_shop
D:8:      lemuel_ice_spiral_2, layout_rooms, amethyst_overflow_temple_binary,
          erik_lair_orcish_takeover, serial_shops, nicolae_shop_scrapyard, shop
D:9:      layout_small_grid, david_orc_4, small_chamber_with_monster,
          uniq_psyche, uniq_grum, uniq_maurice
D:10:     layout_big_octagon, fedhas_bush_and_centaur_altar, serial_bayou,
          serial_bayou_pond_b, serial_bayou_shore_b, serial_bayou_pond_d,
          serial_bayou_pond_e, chequers_hall_statues_y, nicolae_stop_n_shop_1,
          uniq_nergalle
D:11:     layout_long_grid
D:14:     layout_basic, skrybe_vaults_entry_preservation,
          chequers_serial_rivers_small_b, minmay_alternating_orb
Temple:   minmay_temple_bridge_d

Skill      XL: |  1  2  3  4  5  6  7  8  9 10 11 12 |
---------------+-------------------------------------+-----
Armour         | 4 5 6 7 9 10 11 12 | 12.2
Fighting       | 4 5 6 8 9 10 11 | 11.2
Shields        | 4 5 6 8 10 11 | 11.0
Long Blades    | 3 4 5 6 7 9 10 12 14 | 14.5
Dodging        | 1 2 3 |  3.5
Stealth        | 1 |  1.7
Invocations    | 1 |  1.3
Evocations     | |  0.3

Action                     |  1- 3 |  4- 6 |  7- 9 | 10-12 || total
---------------------------+-------+-------+-------+-------++-------
  Melee: Long sword        |    85 |    67 |   325 |    10 ||   487
         Headbutt          |    12 |    12 |    78 |   114 ||   216
         Scimitar          |       |       |       |   536 ||   536
 Invoke: Heroism           |       |       |       |     8 ||     8
  Evoke: Wand              |       |       |     2 |     1 ||     3
    Use: Potion            |     4 |       |       |     8 ||    12
         Scroll            |     2 |     2 |    10 |    11 ||    25
   Stab: Paralysed         |       |       |       |     4 ||     4
 Armour: Scale mail        |    40 |     2 |       |       ||    42
         Ring mail         |       |    24 |       |       ||    24
         Chain mail        |       |       |    31 |       ||    31
         Plate armour      |       |       |   116 |   299 ||   415
  Dodge: Dodged            |    47 |    27 |   102 |   179 ||   355
  Block: Buckler           |    27 |    14 |    68 |   261 ||   370
         Reflection        |       |       |       |    14 ||    14
